AoeStats
← Duckcat

Arena

508742701Analyzed
4v4 RM · 9d ago on Sep 23, 2026· 61m 3s· 8 players
Game mode
Random Map
Map size
Large (8 player)
Population
200
Speed
Normal
Resources
Standard
Victory
Conquest
Starting age
Dark Age
Ending age
Imperial Age
RankedLock teamsTeams togetherTeam positionsShared explorationLock speedFull tech treeHidden civsTurbo modeCheats
Victory
Defeat
🇨🇦 Britons · Canada
1242
+12
🇩🇪 Burgundians · Germany
1242
+12
🇹🇷 Varangians · Türkiye
1201
+14
🇮🇹 Byzantines · Italy
1111
+18
🇹🇷 Danes · Türkiye
1180
-15
🇹🇷 Saxons · Türkiye
1167
-14
🇩🇪 Hindustanis · Germany
1160
-14
🇬🇧 Saracens · United Kingdom
1129
-13
PezMaza
9:29 Feudal Age
12:16 Loom
14:46 Castle Age
12:54 Double-Bit Axe
14:58 Wheelbarrow
14:46 Horse Collar
16:31 Bow Saw
25:23 Ballistics
25:23 Fortified Wall
25:03 Town Watch
29:38 Imperial Age
28:01 Hand Cart
28:09 Fletching
28:19 Padded Archer Armor
28:31 Forging
28:27 Scale Barding Armor
29:52 Bloodlines
29:42 Husbandry
29:20 Light Cavalry
30:49 Heavy Camel Rider
33:18 Imperial Camel Rider
34:02 Gold Mining
34:03 Stone Mining
35:38 Two-Man Saw
34:54 Bodkin Arrow
35:35 Iron Casting
35:21 Chain Barding Armor
35:36 Hussar
37:16 Gold Shaft Mining
37:42 Stone Shaft Mining
38:52 Bracer
40:45 Chemistry
40:33 Leather Archer Armor
41:26 Hoardings
40:52 Elite Ghulam
42:31 Plate Barding Armor
41:32 Siege Elephant
44:50 Blast Furnace
44:21 Ring Archer Armor
45:57 Heavy Plow
46:08 Thumb Ring
47:51 Elite Skirmisher
52:04 Scale Mail Armor
11VillagerIdle
7:15 Loom
10:43 Feudal Age
15:55 Castle Age
16:17 Double-Bit Axe
16:13 Horse Collar
18:47 Bow Saw
24:37 Gold Mining
31:42 Imperial Age
29:13 Fletching
30:46 Ballistics
30:22 Bodkin Arrow
32:18 Gold Shaft Mining
32:25 Town Watch
32:06 Crossbowman
32:49 Padded Archer Armor
34:12 Masonry
34:41 Bracer
35:47 Fortified Wall
36:14 Wheelbarrow
37:38 Leather Archer Armor
37:30 Thumb Ring
39:39 Ring Archer Armor
38:57 Arbalester
41:01 Two-Man Saw
41:17 Hand Cart
46:30 Siege Engineers
50:05 Chemistry
49:33 Capped Ram
50:31 Siege Ram
52:59 Squires
isik.cemil
10:49 Feudal Age
9:05 Loom
15:06 Castle Age
13:13 Double-Bit Axe
13:10 Horse Collar
13:23 Gold Mining
23:56 Scale Mail Armor
31:16 Forging
32:55 Bow Saw
34:26 Wheelbarrow
35:02 Chain Mail Armor
40:43 Imperial Age
41:16 Heavy Plow
41:54 Gold Shaft Mining
41:10 Stone Mining
41:50 Conscription
42:19 Iron Casting
42:02 Elite Jomsviking
44:03 Plate Mail Armor
44:34 Blast Furnace
44:24 Squires
44:10 Gambesons
44:10 Arson
43:46 Elite Varangian Guard
45:27 Hamask
45:55 Pikeman
eyupfc
10:15 Feudal Age
12:12 Double-Bit Axe
12:08 Horse Collar
14:52 Castle Age
16:21 Bow Saw
17:10 Wheelbarrow
18:56 Heavy Plow
20:36 Town Watch
22:15 Loom
22:45 Hand Cart
22:12 Crossbowman
22:54 Fletching
23:51 Gold Mining
24:04 Bodkin Arrow
25:05 Ballistics
27:00 Padded Archer Armor
30:43 Imperial Age
30:58 Elite Varangian Guard
32:06 Arson
32:22 Squires
32:07 Gambesons
33:34 Conscription
32:36 Shield Wall
35:25 Two-Man Saw
34:56 Crop Rotation
35:03 Gold Shaft Mining
34:31 Scale Mail Armor
35:01 Stone Mining
35:24 Forging
35:30 Chain Mail Armor
37:20 Thumb Ring
37:33 Leather Archer Armor
37:18 Bracer
38:37 Plate Mail Armor
38:42 Iron Casting
39:49 Ring Archer Armor
38:43 Elite Skirmisher
40:35 Elite Hearth Troop
42:56 Chemistry
47:00 Murder Holes
48:53 Arbalester
goupher
4:25 Double-Bit Axe
10:28 Feudal Age
12:37 Wheelbarrow
15:17 Castle Age
14:56 Gold Mining
15:34 Scale Mail Armor
15:34 Loom
19:03 Chain Mail Armor
24:03 Horse Collar
25:56 Bow Saw
26:25 Hand Cart
34:25 Gold Shaft Mining
33:40 Stone Mining
37:26 Imperial Age
36:01 Two-Man Saw
34:46 Cavalier
35:27 Husbandry
36:55 Scale Barding Armor
37:00 Forging
37:28 Paladin
37:48 Paladin
38:52 Chain Barding Armor
39:39 Stone Shaft Mining
39:46 Burgundian Vineyards
40:53 Plate Barding Armor
46:42 Iron Casting
46:27 Caravan
49:43 Chemistry
48:54 Masonry
48:55 Fortified Wall
Renesis
3:24 Loom
10:17 Feudal Age
15:15 Castle Age
13:13 Horse Collar
14:21 Double-Bit Axe
17:02 Heavy Plow
17:01 Loom
23:00 Wheelbarrow
23:41 Bow Saw
24:32 Stone Mining
25:46 Forging
25:41 Scale Barding Armor
26:10 Hand Cart
26:41 Husbandry
26:50 Gold Mining
29:28 Iron Casting
31:03 Gold Shaft Mining
31:13 Chain Barding Armor
30:54 Scale Mail Armor
32:03 Squires
31:48 Gambesons
33:09 Stone Shaft Mining
32:15 Treadmill Crane
33:25 Ballistics
33:14 Arson
32:49 Pikeman
36:38 Imperial Age
34:05 Fletching
34:31 Chain Mail Armor
34:09 Fletching
34:20 Man-at-Arms
34:25 Light Cavalry
35:07 Long Swordsman
35:47 Bodkin Arrow
36:06 Fortified Wall
36:39 Fervor
37:05 Chain Barding Armor
37:39 Elite Varangian Guard
39:06 Conscription
39:59 Plate Mail Armor
39:30 Bracer
39:05 Two-Handed Swordsman
40:31 Hoardings
41:39 Chemistry
41:05 Guilds
40:16 Champion
42:04 Two-Man Saw
41:36 Crop Rotation
41:35 Halberdier
43:28 Caravan
44:06 Logistica
47:02 Elite Cataphract
50:56 Coinage
52:03 Hussar
58:00 Plate Barding Armor
Duckcat
7:05 Loom
7:14 Loom
10:53 Feudal Age
14:55 Castle Age
12:47 Double-Bit Axe
12:47 Horse Collar
17:03 Bow Saw
16:50 Fletching
17:12 Stone Mining
17:31 Gold Mining
24:22 Bodkin Arrow
27:19 Wheelbarrow
28:56 Hand Cart
30:32 Ballistics
33:45 Padded Archer Armor
36:54 Imperial Age
34:43 Heavy Plow
35:30 Masonry
35:36 Fortified Wall
36:28 Leather Archer Armor
36:34 Leather Archer Armor
38:36 Chemistry
37:38 Bracer
37:18 Elite Longbowman
39:48 Hoardings
40:46 Yeomen
40:47 Sappers
41:41 Conscription
44:32 Ring Archer Armor
45:12 Two-Man Saw
48:08 Gold Shaft Mining
47:52 Siege Engineers
47:42 Murder Holes
48:20 Architecture
52:24 Warwolf
55:41 Caravan
60:06 Scale Mail Armor
60:17 Forging
60:42 Scale Barding Armor
60:50 Forging
kurinkito
10:31 Feudal Age
14:17 Castle Age
12:53 Double-Bit Axe
12:49 Horse Collar
15:30 Bow Saw
15:25 Heavy Plow
15:48 Bow Saw
18:41 Loom
24:15 Wheelbarrow
23:28 Town Watch
24:39 Stone Mining
25:23 Hand Cart
25:03 Gold Mining
25:47 Fletching
26:07 Forging
25:58 Scale Mail Armor
27:56 Iron Casting
27:32 Squires
27:17 Gambesons
30:30 Imperial Age
29:17 Chain Mail Armor
28:58 Bodkin Arrow
29:05 Arson
30:57 Elite Varangian Guard
32:49 Blast Furnace
32:29 Plate Mail Armor
32:47 Stone Shaft Mining
32:32 Gothikon
33:35 Conscription
45:04 Capped Ram
46:12 Siege Ram
Connection lost

Rejoining the realm…

Still unreachable

The connection could not be restored.

Session expired

The server has moved on; the page needs a fresh start.